 Dungeon Crawl Stone Soup version 0.31-a0-1118-gbca3d03946 (webtiles) character file.

Game seed: 17036961349281776778

318 Dirtsage the Chopper (level 6, -3/56 HPs)
             Began as a Hill Orc Fighter on Dec 4, 2023.
             Succumbed to an orc wizard's poison
             ... on level 4 of the Dungeon.
             The game lasted 00:03:16 (2559 turns).

Dirtsage the Chopper (Hill Orc Fighter)             Turns: 2559, Time: 00:03:17

Health: -3/56      AC: 12    Str: 21    XL:     6   Next: 45%
Magic:  6/6        EV:  8    Int:  8    God:
Gold:   129        SH:  4    Dex: 10    Spells: 5/5 levels left

rFire   . . .        f - +1 hand axe (freeze)
rCold   . . .        c - +0 buckler
rNeg    + . .        h - +0 chain mail
rPois   .            (no helmet)
rElec   .            j - +0 cloak
rCorr   .            o - +0 pair of gloves
SInv    .            (no boots)
Will    .....        (no amulet) Stlth
                     N - ring of positive energy
HPRegen 0.29/turn    (no ring)
MPRegen 0.10/turn

%: no passive effects
@: lethally poisoned (-3 -> -33)
A: no striking features
a: no special abilities


You were on level 4 of the Dungeon.
You visited 1 branch of the dungeon, and saw 4 of its levels.

You collected 129 gold pieces.

Inventory:

Hand Weapons
 a - a +0 war axe
 f - a +1 hand axe of freezing (weapon)
Missiles
 m - 2 throwing nets
Armour
 b - a +0 scale mail
 c - a +0 buckler (worn)
 h - a +0 chain mail (worn)
 j - a +0 cloak (worn)
 o - a +0 pair of gloves (worn)
Magical Staves
 k - a staff of death
Jewellery
 N - a ring of positive energy (left hand)
Wands
 r - a wand of charming (13)
Scrolls
 e - a scroll of enchant weapon {unknown}
 g - a scroll of fear {unknown}
 l - a scroll of identify {unknown}
 p - a scroll of fog
 t - a scroll of poison {unknown}
Potions
 d - a potion of might
 i - a potion of enlightenment {unknown}
 n - a potion of heal wounds {unknown}
 q - a potion of curing
 s - a potion of mutation {unknown}


   Skills:
 + Level 5.0 Fighting
 * Level 5.8 Axes
 + Level 4.5 Armour
 + Level 4.5 Shields


You had 5 spell levels left.
You didn't know any spells.
Your spell library contained the following spells:

 Spells                   Type           Power      Damage    Failure   Level
 Freeze                   Ice            0%         1d3       98%         1
 Necrotise                Necr           0%         1d4       98%         1
 Lesser Beckoning         Tloc           0%         N/A       99%         2
 Frozen Ramparts          Ice            0%         1d1       100%        3
 Gell's Gravitas          Tloc           0%         N/A       100%        3
 Hailstorm                Conj/Ice       0%         3d5       100%        3
 Summon Guardian Golem    Hex/Summ       0%         N/A       100%        3
 Teleport Other           Tloc           0%         N/A       100%        3
 Vampiric Draining        Necr           0%         2d6       100%        3
 Olgreb's Toxic Radiance  Pois           0%         N/A       100%        4
 Agony                    Necr           0%         N/A       100%        5
 Orb of Destruction       Conj           0%         9d5       100%        7
 Spellforged Servitor     Conj/Summ      0%         N/A       100%        7
 Discord                  Hex            0%         N/A       100%        8
 Ignition                 Fire           0%         3d3       100%        8


Dungeon Overview and Level Annotations

Branches:
Dungeon (4/15)
 Temple: D:4-7

Altars:
Xom


Message History

The magic dart hits you but does no damage.
You take 5 damage, and have 27/56 hp.
You feel less confused.
You feel very sick.
You hear some strange, mumbled words.
You are confused.
Things that are here:
a +0 flail; a +0 chain mail; an orc corpse You take 4 damage, and have 23/56 hp.
You bump into the rock wall.
You feel very sick.
You take 3 damage, and have 20/56 hp.
You hit something. You freeze something.
You feel very sick. Something hits you but does no damage.
You are more poisoned.
Something hits you but does no damage.
You take 3 damage, and have 17/56 hp.
You feel very sick.
You take 2 damage, and have 15/56 hp.
You bump into the rock wall.
You feel very sick. Something hits you but does no damage.
You are lethally poisoned!
You take 3 damage, and have 12/56 hp.
You bump into the rock wall.
* * * LOW HITPOINT WARNING * * *
You feel very sick. Something hits you but does no damage.
You are more poisoned.
You take 4 damage, and have 8/56 hp.
You're too confused to move!
You feel less confused.
* * * LOW HITPOINT WARNING * * *
You feel very sick. Something hits you but does no damage.
You are more poisoned.
You take 6 damage, and have 2/56 hp.
You completely miss something.
You die...

...# +######......
...+.....# .....#....#
...#.....# ....#....#
...#.....# ...#....+ ...#
....#####.##....#
...###......##.#)....#
.....+......+..))....#
.....#......#..#{....#
..##'#......#..#@....#
<.#....######..#.........
..#....'......[#.........
..+....#.......#.........
..#....#.......+.........
###....#..##...#.........
.....##..##...#.....####
......#...#....#.....#
......#...+....#


There were no monsters in sight!

Vanquished Creatures
  The ghost of DEFE the Poker, an amateur DsWn (D:3)
  2 orc priests
  Natasha (thrice) (D:3)
  3 adders
  A worm (D:2)
  2 dart slugs
  9 orcs
  5 ball pythons
  9 bats
  5 endoplasms
  5 goblins
  5 hobgoblins
  4 jackals (D:1)
  6 quokkas
  2 frilled lizards
  6 kobolds
  5 rats
73 creatures vanquished.

Notes
Turn   | Place    | Note
-------+----------+-------------------------------------------
     0 | D:1      | Dirtsage the Hill Orc Fighter began the quest for the Orb.
     0 | D:1      | Reached XP level 1. HP: 19/19 MP: 1/1
   124 | D:1      | Reached XP level 2. HP: 25/27 MP: 2/2
   500 | D:1      | Reached XP level 3. HP: 33/33 MP: 3/3
   817 | D:2      | Found a shimmering altar of Xom.
  1052 | D:2      | Reached XP level 4. HP: 36/40 MP: 4/4
  1802 | D:3      | Reached XP level 5. HP: 44/47 MP: 5/5
  2097 | D:3      | Noticed Natasha
  2107 | D:3      | Killed Natasha
  2113 | D:3      | Noticed Natasha
  2121 | D:3      | Killed Natasha
  2122 | D:3      | Reached skill level 5 in Axes
  2186 | D:3      | Found a runed translucent door.
  2189 | D:3      | Noticed DEFE's ghost (amateur DsWn)
  2222 | D:3      | Found a faded altar of an unknown god.
  2232 | D:3      | Noticed Natasha
  2241 | D:3      | Killed Natasha
  2435 | D:3      | Killed DEFE's ghost
  2436 | D:3      | Reached XP level 6. HP: 40/55 MP: 6/6
  2546 | D:4      | Reached skill level 5 in Fighting
  2558 | D:4      | HP: 2/56 [poisoned by an orc wizard]
  2559 | D:4      | Succumbed to an orc wizard's poison

Illustrated notes

Levels and vault maps discovered:
D:1:      zelgadis_glass_arrival_small, layout_loops_ring, minmay_heptomino_h4
D:2:      layout_rooms, basic_altar, roderic_nine_men_s_morris,
          serial_park_tiny_1
D:3:      layout_loops_cross, shapermc_ecumenical_altar_petra,
          ebering_ghost_sewer_d, uniq_natasha
D:4:      layout_gridville, minmay_temple_entry_crystal_x, serial_glass,
          glass_columns_b, glass_columns_a, minmay_liquid_box

Skill      XL: |  1  2  3  4  5  6 |
---------------+-------------------+-----
Axes           | 3 4 5 |  5.8
Fighting       | 4 5 |  5.0
Shields        | 4 |  4.5
Armour         | 4 |  4.5

Action                     |  1- 3 |  4- 6 || total
---------------------------+-------+-------++-------
  Melee: War axe           |    23 |       ||    23
         Hand axe          |    69 |   130 ||   199
    Use: Scroll            |       |     1 ||     1
         Potion            |       |     1 ||     1
 Armour: Scale mail        |    34 |       ||    34
         Chain mail        |    27 |   114 ||   141
  Dodge: Dodged            |    37 |    34 ||    71
  Block: Buckler           |    17 |    21 ||    38

Table legend: (Time is in decaauts)
 A = Elapsed time spent in this place.
 B = Non-inter-level travel time spent in this place.
 C = Inter-level travel time spent in this place.
 D = Time resting spent in this place.
 E = Time spent auto-exploring this place.
 F = Levels seen in this place.
 G = Mean time per level.
                   A        B        C        D        E       F      G
               +--------+--------+--------+--------+--------+-----+--------+
         Total |   2594 |   2511 |     83 |      0 |   2065 |   4 |  648.5 |
       Dungeon |   2594 |   2511 |     83 |      0 |   2065 |   4 |  648.5 |
               +--------+--------+--------+--------+--------+-----+--------+

Top non-repeatable levels by time:
     D:3: 1028 daAuts
     D:1: 832 daAuts
     D:2: 684 daAuts
     D:4: 48 daAuts
